cohdb
Replays
Latest Replays
All Replays
Popular Replays
Top Player Replays
Match Explorer
How It Works
Community
CoH3 Stats
Reddit
Sign in to upload your games and track your stats! →
Sign in with Steam
44
Match 18814236
Overview
Messages
Build Orders
End
Kradschützen Motorcycle Team
Panzerpioneer Squad
Construct Light Support Kompanie
Selects Italian Infantry
Panzerjäger Squad
Selects Guastatori Squad
Selects L6/40 Light Tank Combat Group
L6/40 Light Tank Combat Group
Guastatori Squad
Construct Mechanized Kompanie
Panzerjäger Squad
Panzerjäger Mechanized Group
254 Reconnaissance Tractor
Guastatori Squad
Veteran Squad Leaders
Vehicle Survival Package
AI Takeover
--==[ ZaiS ]==--
kfoefja
Obersol
朱日和强军战车主理人
RitraXP
울버린
DOVAKIN
精锐少先队员
0
0
Comments
sign in to comment!
No comments posted yet!